 Dungeon Crawl Stone Soup version 0.20-a0-556-g892c87b (webtiles) character file.

3911 esc the Carver (level 10, -7/64 HPs)
             Began as a Tengu Abyssal Knight on Feb 7, 2017.
             Was an Elder of Lugonu.
             Mangled by a hornet (10 damage)
             ... on level 8 of the Dungeon.
             The game lasted 00:25:28 (10548 turns).

esc the Carver (Tengu Abyssal Knight)              Turns: 10548, Time: 00:25:30

Health: -7/64      AC:  9    Str: 16    XL:     10   Next: 20%
Magic:  12/12      EV: 16    Int: 12    God:    Lugonu [****..]
Gold:   282        SH:  0    Dex: 14    Spells: 9/9 levels left

rFire    + . .     SeeInvis .   J - +1 scimitar (freeze)
rCold    . . .     Gourm    .   s - +1 leather armour {rF+}
rNeg     . . .     Faith    .   (no shield)
rPois    .         Spirit   .   (helmet restricted)
rElec    .         Reflect  .   z - +0 cloak
rCorr    .         Harm     .   y - +2 pair of gloves
MR       +....                  (boots unavailable)
Stlth    +.........             (no amulet)
Regen    0.2/turn               (no ring)
                                n - ring of protection from magic {MR+, !d}

@: confused, lethally poisoned (-7 -> -11), slowed, drained, very slow
A: beak, talons 3, able to fly 1
a: Fly, Depart the Abyss, Bend Space, Banish, Corrupt, Renounce Religion


You were on level 8 of the Dungeon.
You worshipped Lugonu.
Lugonu was greatly pleased with you.
You were not hungry.

You visited 1 branch of the dungeon, and saw 8 of its levels.
You visited the Abyss 1 time.
You also visited: Sewer.

You collected 282 gold pieces.

Inventory:

Hand Weapons
 J - a +1 scimitar of freezing (weapon)
   (You took it off a wight on level 7 of the Dungeon)
Missiles
 i - 35 poisoned needles
 q - 3 throwing nets (quivered) {=f, !d}
 I - 5 needles of sleeping
Armour
 s - a +1 leather armour of fire resistance (worn)
   (You found it on level 6 of the Dungeon)
 y - a +2 pair of gloves (worn)
   (You found it on level 3 of the Dungeon)
 z - a +0 cloak (worn)
   (You found it on level 4 of the Dungeon)
Jewellery
 n - a ring of protection from magic (left hand) {MR+, !d}
   (You found it on level 1 of the Dungeon)
Wands
 k - a wand of iceblast (8/15)
   (You found it on level 6 of the Dungeon)
 v - a wand of iceblast (1/15)
   (You found it on level 3 of the Dungeon)
 x - a wand of digging (8/24)
   (You found it on level 3 of the Dungeon)
Scrolls
 d - 4 scrolls of teleportation
 l - a scroll of enchant armour
 r - 2 scrolls of amnesia
 u - 2 scrolls of magic mapping {!r}
 w - a scroll of recharging
 F - a scroll of remove curse
Potions
 f - a potion of haste
 g - a potion of cure mutation {!q}
 h - a potion of lignification {unknown}
 B - a potion of resistance
 D - a potion of magic
Books
 A - a book of Callings
   (You found it on level 5 of the Dungeon)
Comestibles
 c - 5 bread rations {@e1}
 m - 5 meat rations {@e2}
 o - 2 chunks of flesh {@w0}
 G - 6 fruits


   Skills:
 + Level 7.9(7.8) Fighting
 + Level 8.1(8.0) Long Blades
 + Level 8.1(8.0) Armour
 + Level 8.1(8.0) Dodging
 - Level 1.5(1.4) Invocations


You had 9 spell levels left.
You didn't know any spells.

Dungeon Overview and Level Annotations

Branches:
Dungeon (8/15)             Temple (0/1) D:4
   Lair: D:8-11

Altars:
Ashenzari
Elyvilon
Fedhas
Uskayaw
Xom
Yredelemnul

Shops:
D:5 (   D:6 *

Annotations:
D:2 1 runed door
D:5 anet's ghost, novice DEWz
D:6 krabocopter's ghost, novice OpCj


Innate Abilities, Weirdness & Mutations

You have a beak for a mouth.
You have claws for feet.
You can fly.


Message History

You regained 6 hp, and now have 63/64 hp.
A hornet comes into view.
The hornet buzzes angrily.
Health restored: 64 You closely miss the hornet.
Your kick misses the hornet. The hornet stings you!
You feel yourself slow down. The hornet misses you.
You riposte.
You miss the hornet. Your peck misses the hornet.
You take 9 damage, and have 55/64 hp.
You hit the hornet but do no damage. Your kick misses the hornet.
You feel yourself speed up. The hornet closely misses you.
The hornet completely misses you.
You hit the hornet but do no damage. Your kick misses the hornet.
The hornet misses you.
You riposte.
You slash the hornet! You freeze the hornet. Your kick misses the hornet.
Your peck misses the hornet. You miss the hornet.
The hornet closely misses you. x2
You miss the hornet. The hornet barely misses you.
You barely miss the hornet. The hornet stings you.
You are poisoned.
You feel yourself slow down.
The hornet stings you but does no damage.
You take 2 damage, and have 54/64 hp.
Unknown command.
You barely miss the hornet. You claw the hornet, but do no damage.
Your peck misses the hornet.
You feel sick. The hornet stings you.
You are more poisoned.
You feel as though you will be slow longer.
The hornet barely misses you.
You riposte.
You miss the hornet. You claw the hornet. Your peck misses the hornet.
You closely miss the hornet. Your peck misses the hornet.
You feel sick. The hornet stings you!
You are more poisoned.
You feel as though you will be slow longer.
The hornet stings you!
You are lethally poisoned!
You suddenly lose the ability to move!
You feel very sick. The hornet stings you!
* * * LOW HITPOINT WARNING * * *
You shrug off the repeated paralysis!
The hornet stings you.
* * * LOW HITPOINT WARNING * * *
You feel as though you will be slow longer.
You can move again.
You take 43 damage, and have 11/64 hp.
MASSIVE DAMAGE!!
You feel much better.
You feel very sick. The hornet closely misses you. The hornet stings you!
* * * LOW HITPOINT WARNING * * *
You feel as though you will be slow longer.
You regained 8 hp, and now have 19/64 hp.
You feel better. The hornet stings you!
* * * LOW HITPOINT WARNING * * *
You feel as though you will be slow longer.
The hornet closely misses you.
You take 4 damage, and have 15/64 hp.
Okay, then.
Okay, then.
Okay, then.
Unknown command.
Okay, then.
Okay, then.
You slash the hornet! You freeze the hornet.
You peck the hornet, but do no damage. The hornet stings you!
* * * LOW HITPOINT WARNING * * *
You feel as though you will be slow longer.
The hornet stings you.
* * * LOW HITPOINT WARNING * * *
You feel as though you will be slow longer.
The hornet stings you.
* * * LOW HITPOINT WARNING * * *
You are lethally poisoned!
You feel as though you will be slow longer.
You take 12 damage, and have 3/64 hp.
You feel better. The hornet stings you.
* * * LOW HITPOINT WARNING * * *
You are lethally poisoned!
You feel as though you will be slow longer.
The hornet misses you.
You regained 2 hp, and now have 5/64 hp.
Okay, then.
As you read the scroll labeled ROCZEI GU SIGO, it crumbles to dust.
The scroll dissolves into smoke.
It was a scroll of fog.
* * * LOW HITPOINT WARNING * * *
You feel sick. The hornet barely misses you. x2
You take 2 damage, and have 3/64 hp.
Okay, then.
Space bends around you!
You blink.
* * * LOW HITPOINT WARNING * * *
You feel sick.
You take 2 damage, and have 1/64 hp.
You now have 11/12 mp.
You are confused.
You feel invigorated. The hornet misses you. The hornet stings you.
* * * LOW HITPOINT WARNING * * *
You feel as though you will be slow longer.
The hornet stings you!
You die...

#< #.# #. #.
#.####. ##.##
#...... ...#
######. §§# #.
#§# #. #§# #.
#y# #. #@#
######. #.#
#...... #.#
#.##### #.#
#.# #.# #.#
#.# #.#
#.##########.#
#............#
##############


You could see a hornet.

Vanquished Creatures
  Prince Ribbit (D:7)
  A hippogriff (D:8)
  Menkaure (D:7)
  An ice beast (D:7)
  2 orc warriors (D:7)
  2 sky beasts
  A phantom (D:4)
  6 ogres
  A centaur (D:7)
  6 big kobolds
  3 bullfrogs
  A scorpion (D:6)
  5 killer bees
  A wight (D:7)
  2 howler monkeys (D:6)
  2 centaur zombies
  6 crimson imps
  A quasit (D:7)
  5 orc priests
  3 hounds (D:5)
  2 jellies (D:7)
  3 orc wizards
  3 iguanas
  Natasha (twice) (D:3)
  8 worker ants
  A hound zombie (D:5)
  Robin (D:3)
  3 gnolls (D:4)
  16 adders
  2 river rats (Sewer)
  6 oozes
  3 worms
  2 leopard geckos
  11 orcs
  2 giant cockroaches (D:2)
  19 goblins
  13 hobgoblins
  2 jackals (D:4)
  18 kobolds
  3 quokkas
  3 ball pythons (Sewer)
  4 bats
  5 frilled lizards
  2 quokka skeletons
  A quokka zombie (D:7)
  11 rats
197 creatures vanquished.

Notes
Turn   | Place    | Note
-------+----------+-------------------------------------------
     0 | Abyss:1  | esc the Tengu Abyssal Knight began the quest for the Orb.
     0 | Abyss:1  | Reached XP level 1. HP: 14/14 MP: 3/3
    25 | Abyss:1  | Noticed a glowing orange brain
    26 | Abyss:1  | Noticed a large abomination
    27 | Abyss:1  | Noticed a neqoxec
    27 | Abyss:1  | Noticed a rakshasa
    27 | Abyss:1  | Noticed a profane servitor
    27 | D:1      | Escaped the Abyss
   233 | D:1      | Reached XP level 2. HP: 18/19 MP: 4/4
   301 | D:1      | Reached * piety under Lugonu
   655 | D:1      | You fall through a shaft!
   655 | D:2      | Found a faded altar of an unknown god.
   672 | D:2      | Found a hide-covered altar of Uskayaw.
   673 | D:2      | Noticed a dagger
   673 | D:2      | Noticed a dagger
   704 | D:2      | Reached XP level 3. HP: 19/23 MP: 5/5
   871 | D:2      | Reached skill level 2 in Dodging
  1535 | D:2      | HP: 5/23 [goblin/trident (5)]
  1537 | D:2      | HP: 2/23 [goblin/trident (4)]
  1940 | D:2      | Reached XP level 4. HP: 28/28 MP: 6/6
  1967 | D:2      | Found a shattered altar of Ashenzari.
  2134 | D:2      | Found a runed door.
  2253 | D:3      | Noticed Natasha
  2339 | D:3      | Noticed a big kobold
  2347 | D:3      | Noticed Robin
  2357 | D:3      | Reached ** piety under Lugonu
  2387 | D:3      | Reached skill level 3 in Long Blades
  2397 | D:3      | Killed Robin
  2397 | D:3      | Reached skill level 3 in Dodging
  2461 | D:3      | Gained mutation: You can fly. [Tengu growth]
  2461 | D:3      | Reached XP level 5. HP: 28/33 MP: 7/7
  2462 | D:3      | Found a glowing drain.
  2473 | Sewer    | Entered a sewer
  2531 | Sewer    | Noticed a big kobold
  2556 | Sewer    | Killed a big kobold
  2556 | Sewer    | Reached skill level 4 in Fighting
  2556 | Sewer    | Reached skill level 3 in Armour
  2733 | Sewer    | Noticed a big kobold
  2752 | Sewer    | Killed a big kobold
  2752 | Sewer    | Reached XP level 6. HP: 28/38 MP: 8/8
  3026 | Sewer    | Reached skill level 4 in Long Blades
  3026 | Sewer    | Reached skill level 4 in Dodging
  3390 | Sewer    | Reached skill level 4 in Armour
  3563 | Sewer    | Reached XP level 7. HP: 25/44 MP: 9/9
  3862 | D:3      | Killed Natasha
  3965 | D:3      | Reached *** piety under Lugonu
  4188 | D:3      | Found a shimmering altar of Xom.
  4248 | D:3      | Noticed Natasha
  4258 | D:3      | Killed Natasha
  4841 | D:4      | Found a staircase to the Ecumenical Temple.
  5097 | D:4      | Reached skill level 5 in Long Blades
  5127 | D:4      | Reached skill level 5 in Fighting
  5127 | D:4      | Reached skill level 5 in Dodging
  5310 | D:5      | Entered Level 5 of the Dungeon
  5311 | D:5      | Found Miosch's Antique Weapon Shoppe.
  5316 | D:5      | Reached skill level 5 in Armour
  5316 | D:5      | Reached XP level 8. HP: 39/49 MP: 10/10
  5355 | D:5      | Noticed anet's ghost (novice DEWz)
  6250 | D:6      | Found a basalt altar of Yredelemnul.
  6397 | D:6      | Got a dazzling whip
  6398 | D:6      | Identified the +6 whip of Tender Mercy {protect, rElec Int+3} (You found it on level 6 of the Dungeon)
  6414 | D:6      | Reached skill level 6 in Fighting
  6414 | D:6      | Reached skill level 6 in Long Blades
  6523 | D:6      | Found Onlok's General Store.
  6551 | D:6      | Reached skill level 6 in Dodging
  6579 | D:6      | Reached skill level 6 in Armour
  6775 | D:6      | Found a blossoming altar of Fedhas.
  6940 | D:6      | Reached XP level 9. HP: 47/55 MP: 11/11
  7094 | D:7      | Noticed Menkaure
  7097 | D:7      | HP: 9/56 [??? (7)]
  7439 | D:7      | HP: 12/56 [??? (9)]
  7440 | D:7      | Killed Menkaure
  7830 | D:7      | Reached **** piety under Lugonu
  7963 | D:6      | Reached skill level 7 in Long Blades
  7963 | D:6      | Reached skill level 7 in Dodging
  8121 | D:7      | Reached skill level 7 in Armour
  8156 | D:6      | Noticed krabocopter's ghost (novice OpCj)
  8393 | D:7      | Reached skill level 7 in Fighting
  8988 | D:7      | HP: 12/57 [orc warrior/stone (6)]
  9333 | D:6      | HP: 14/57 [poisoned by a killer bee]
  9338 | D:6      | HP: 11/57 [poisoned by a killer bee]
  9344 | D:6      | HP: 9/57 [poisoned by a killer bee]
  9352 | D:6      | HP: 8/57 [poisoned by a killer bee]
  9360 | D:6      | HP: 7/57 [poisoned by a killer bee]
  9667 | D:7      | Found a white marble altar of Elyvilon.
  9741 | D:7      | Noticed Prince Ribbit
  9751 | D:7      | Killed Prince Ribbit
  9751 | D:7      | Reached XP level 10. HP: 46/63 MP: 12/12
 10213 | D:8      | Noticed a two-headed ogre
 10235 | D:8      | Reached skill level 8 in Long Blades
 10235 | D:8      | Reached skill level 8 in Armour
 10235 | D:8      | Reached skill level 8 in Dodging
 10540 | D:8      | Paralysed by a hornet for 2 turns
 10541 | D:8      | HP: 12/64 [hornet (11)]
 10544 | D:8      | HP: 5/64 [hornet (3)]
 10547 | D:8      | HP: 1/64 [poisoned by a hornet]
 10548 | D:8      | Mangled by a hornet

Vault maps used:
D:1:      minmay_arrival_plants_in_alcoves
D:2:      dancing_weapons_uskayaw, first_bread,
          chequers_ecumenical_altar_island, evilmike_ruin_ashenzari,
          uniq_crazy_yiuf_cottage
D:3:      cheibrodos_thug_alley, portal_sewer_entry_d, xom_teletrap_fun,
          uniq_robin, uniq_natasha
D:4:      temple_doors_ab
D:5:      kennysheep_spiral_hall, serial_shops, nicolae_shop_statue_plus
D:6:      yredelemnul_altar_generic, fedhas_altar_fruit_tree, serial_shops,
          nicolae_shop_waterfront
D:7:      marbit_many_paths, hangedman_decor_riveting, uniq_menkaure,
          uniq_prince_ribbit1
D:8:      minmay_goldmine, serial_shops, shop_statue, hangedman_ranch
Abyss:1:  abyss_exit_lava
Sewer:    sewer_co_tree

Skill      XL: |  1  2  3  4  5  6  7  8  9 10 |
---------------+-------------------------------+-----
Dodging        | 2 3 4 5 6 7 8 |  8.1
Long Blades    | 3 4 5 6 7 8 |  8.1
Fighting       | 4 5 6 7 |  7.9
Armour         | 3 4 5 6 7 8 |  8.1
Invocations    | |  1.5

Action                   |  1- 3 |  4- 6 |  7- 9 | 10-12 || total
-------------------------+-------+-------+-------+-------++-------
Melee: Falchion          |    35 |       |       |       ||    35
       Kick              |    21 |    39 |   162 |    21 ||   243
       Peck              |     9 |    44 |   109 |    16 ||   178
       Long sword        |    51 |   159 |   246 |       ||   456
       Whip              |       |       |   236 |    52 ||   288
       Scimitar          |       |       |       |    26 ||    26
Throw: Throwing net      |       |     2 |     1 |       ||     3
Invok: Depart the Abyss  |     1 |       |       |       ||     1
       Bend Space        |       |       |       |     1 ||     1
Evoke: Wand              |       |       |    18 |       ||    18
  Use: Potion            |     1 |     1 |     2 |     4 ||     8
       Scroll            |       |       |    17 |     2 ||    19
 Stab: Confused          |       |       |     2 |       ||     2
       Invisible         |       |       |     2 |       ||     2
  Eat: Chunk             |     3 |     6 |    17 |       ||    26
       Royal jelly       |       |       |     2 |     1 ||     3
Armor: Leather armour    |     8 |       |    77 |    26 ||   111
       Ring mail         |    11 |    42 |    68 |       ||   121
Dodge: Dodged            |    41 |    81 |   374 |    77 ||   573
       Rpst.: Falchion   |     3 |       |       |       ||     3
       Long sword        |     7 |    31 |    55 |       ||    93
       Scimitar          |       |       |       |    11 ||    11

Vault maps used:
D:1:      minmay_arrival_plants_in_alcoves
D:2:      dancing_weapons_uskayaw, first_bread,
          chequers_ecumenical_altar_island, evilmike_ruin_ashenzari,
          uniq_crazy_yiuf_cottage
D:3:      cheibrodos_thug_alley, portal_sewer_entry_d, xom_teletrap_fun,
          uniq_robin, uniq_natasha
D:4:      temple_doors_ab
D:5:      kennysheep_spiral_hall, serial_shops, nicolae_shop_statue_plus
D:6:      yredelemnul_altar_generic, fedhas_altar_fruit_tree, serial_shops,
          nicolae_shop_waterfront
D:7:      marbit_many_paths, hangedman_decor_riveting, uniq_menkaure,
          uniq_prince_ribbit1
D:8:      minmay_goldmine, serial_shops, shop_statue, hangedman_ranch
Abyss:1:  abyss_exit_lava
Sewer:    sewer_co_tree

Table legend:
 A = Turns spent in this place as a percentage of turns spent in the entire game.
 B = Non-inter-level travel turns spent in this place as a percentage of non-inter-level travel turns spent in the entire game.
 C = Inter-level travel turns spent in this place as a percentage of turns spent in this place.
 D = Turns resting spent in this place as a percentage of non-inter-level travel turns spent in this place.
 E = Turns spent auto-exploring this place as a percentage of non-inter-level travel turns spent in this place.
 F = Non-inter-level travel turns spent in this place divided by the number of levels of this place that you've seen.
                   A       B       C       D       E      F
               +-------+-------+-------+-------+-------+----------------------
         Total | 100.0 | 100.0 |   0.5 |   4.8 |   7.6 | 242.0
       Dungeon |  87.7 |  87.6 |   0.6 |   4.6 |   7.7 | 265.0
         Abyss |   1.0 |   1.0 |   0.0 |   0.0 |   0.0 |  25.0
         Sewer |  11.3 |  11.4 |   0.0 |   6.5 |   6.9 | 275.0
               +-------+-------+-------+-------+-------+----------------------

Table legend:
 A = Kills in this place as a percentage of kills in entire the game.
 B = Kills by you in this place as a percentage of kills by you in the entire game.
 C = Kills by friends in this place as a percentage of kills by friends in the entire game.
 D = Other kills in this place as a percentage of other kills in the entire game.
 E = Experience gained in this place as a percentage of experience gained in the entire game.
 F = Experience gained in this place divided by the number of levels of this place that you have seen.
                   A       B       C       D       E      F
               +-------+-------+-------+-------+-------+----------------------
         Total | 100.0 | 100.0 |  -nan |  -nan | 100.0 | 558.8
       Dungeon |  85.8 |  85.8 |  -nan |  -nan |  90.9 | 634.9
         Sewer |  14.2 |  14.2 |  -nan |  -nan |   9.1 | 509.0
               +-------+-------+-------+-------+-------+----------------------
